 Dungeon Crawl Stone Soup version 0.29.0-7-g18a832c13a (webtiles) character file.

Game seed: 16580426479252820208

573 darknessisbestgirl the Covered (level 7, -5/62 HPs)
             Began as a Minotaur Fighter on Aug 31, 2022.
             Slain by a gnoll
             ... wielding a +0 spear
             ... led by a gnoll bouda
              (6 damage)
             ... on level 4 of the Dungeon.
             The game lasted 00:07:51 (4895 turns).

darknessisbestgirl the Covered (Minotaur Fighter)   Turns: 4895, Time: 00:07:51

Health: -5/62      AC:  7    Str: 23    XL:     7   Next: 12%
Magic:  6/6        EV:  9    Int:  5    God:
Gold:   204        SH:  5    Dex:  9    Spells: 6/6 levels left

rFire   . . .      SeeInvis .   a - +0 war axe
rCold   . . .      Faith    .   c - +0 buckler
rNeg    . . .      Spirit   .   b - +0 scale mail
rPois   .          Reflect  .   (helmet restricted)
rElec   .          Harm     .   (no cloak)
rCorr   .          Rampage  .   (no gloves)
Will    .....                   (no boots)
Stlth   ..........              (no amulet)
HPRegen 0.20/turn               (no ring)
MPRegen 0.10/turn               (no ring)

@: no status effects
A: horns 2, retaliatory headbutt
a: no special abilities


You were on level 4 of the Dungeon.
You visited 1 branch of the dungeon, and saw 4 of its levels.

You collected 204 gold pieces.

Inventory:

Hand Weapons
 a - a +0 war axe (weapon)
Armour
 b - a +0 scale mail (worn)
 c - a +0 buckler (worn)
Jewellery
 g - a ring of resist corrosion
 o - a +6 ring of strength
Wands
 p - a wand of digging (7)
Scrolls
 h - 2 scrolls of teleportation
 l - a scroll of enchant armour
 m - a scroll of noise
 n - a scroll of immolation
Potions
 d - 2 potions of might
 e - a potion of ambrosia {unknown}
 f - 4 potions of berserk rage
 j - 4 potions of curing
 k - a potion of mutation {unknown}


   Skills:
 + Level 5.8 Fighting
 + Level 5.1 Axes
 + Level 5.8 Armour
 + Level 5.8 Shields


You had 6 spell levels left.
You didn't know any spells.
Your spell library contained the following spells:

 Spells                   Type           Power      Damage    Failure   Level
 Beastly Appendage        Tmut           0%         N/A       85%         1
 Wereblood                Tmut           0%         N/A       94%         2
 Spider Form              Tmut/Pois      0%         N/A       99%         3
 Conjure Ball Lightning   Conj/Air       0%         3x3d6     100%        6
 Discord                  Hex            0%         N/A       100%        8
 Disjunction              Tloc           0%         N/A       100%        8


Dungeon Overview and Level Annotations

Branches:
Dungeon (4/15)
 Temple: D:4-7

Altars:
Cheibriados
Dithmenos
Yredelemnul


Innate Abilities, Weirdness & Mutations

You have a pair of horns on your head.
You reflexively headbutt those who attack you in melee.


Message History

The gnoll is no longer moving quickly.
The gnoll hits you but does no damage.
You closely miss the gnoll bouda.
Your attacks no longer feel as feeble.
The gnoll is no longer moving quickly.
You block the gnoll's attack. x2
The gnoll hits you from afar with a +0 spear.
The gnoll bouda hits you with a +4 whip.
The gnoll hits you but does no damage.
You slash the gnoll bouda! You headbutt the gnoll bouda.
The gnoll bouda is almost dead.
The gnoll hits you from afar with a +0 halberd.
The gnoll hits you from afar with a +0 spear.
The gnoll bouda barks out a call to the hunt!
The gnolls pick up the pace!
The gnoll barely misses you.
You closely miss the gnoll bouda. You headbutt the gnoll bouda.
You kill the gnoll bouda!
The gnoll hits you from afar with a +0 halberd.
The gnoll hits you but does no damage. The gnoll closely misses you.
The gnoll hits you from afar with a +0 halberd!
You block the gnoll's attack.
You feel better. You block the gnoll's attack.
The gnoll hits you from afar with a +0 spear.
The gnoll closely misses you.
The gnoll hits you from afar with a +0 spear.
The gnoll misses you. You block the gnoll's attack.
The gnoll hits you from afar with a +0 spear!
* * * LOW HITPOINT WARNING * * *
The gnoll barely misses you.
You hit the gnoll but do no damage.
The gnoll is heavily wounded.
You hit the gnoll but do no damage. The gnoll barely misses you. x2
You block the gnoll's attack.
The gnoll hits you from afar with a +0 halberd!
* * * LOW HITPOINT WARNING * * *
The gnoll hits you with a +0 halberd.
* * * LOW HITPOINT WARNING * * *
The gnoll hits you with a +0 spear.
* * * LOW HITPOINT WARNING * * *
The gnoll hits you from afar with a +0 spear.
You die...

#...._...# #.....#.
#........###.....## ...
#.........# #.....# ...#
#._..⌠....###†....# #..
#..........#...##.. #..#
####......_.#....###..
##...##...........##...# #..
#.........g......#.....# #..
##.........g@...........###..
#....#..).g.............##...
####...#...####g..###......#....
.......#...# ##..#####.........
.......#...# #...## ##........
#......## ##...#####.......
#......# ##...............
##....## #................
##.)..## ##.....##.........


You could see 4 gnolls.

Vanquished Creatures
  Grinder (D:4)
  2 scorpions (D:4)
  Crazy Yiuf (D:3)
  A gnoll bouda (D:4)
  Jessica (D:3)
  An orc wizard (D:4)
  3 adders (D:2)
  4 gnolls (D:4)
  5 dart slugs
  6 orcs
  6 bats
  6 endoplasms
  A giant cockroach (D:4)
  8 goblins
  4 hobgoblins
  6 quokkas
  4 ball pythons
  2 frilled lizards
  10 kobolds
  3 rats
75 creatures vanquished.

Vanquished Creatures (others)
  2 fungi (D:3)
2 creatures vanquished.

Grand Total: 77 creatures vanquished

Notes
Turn   | Place    | Note
-------+----------+-------------------------------------------
     0 | D:1      | darknessisbestgirl the Minotaur Fighter began the quest for
                  | the Orb.
     0 | D:1      | Reached XP level 1. HP: 19/19 MP: 0/0
    35 | D:1      | Found a faded altar of an unknown god.
    82 | D:1      | Reached XP level 2. HP: 12/27 MP: 1/1
  1182 | D:2      | Reached XP level 3. HP: 19/33 MP: 2/2
  1869 | D:3      | Noticed Jessica
  1884 | D:3      | Killed Jessica
  1885 | D:3      | Reached XP level 4. HP: 15/41 MP: 3/3
  2730 | D:3      | Found a runed translucent door.
  2731 | D:3      | Noticed Crazy Yiuf
  3179 | D:3      | Killed Crazy Yiuf
  3180 | D:3      | Reached XP level 5. HP: 25/47 MP: 4/4
  3685 | D:4      | Reached skill level 5 in Armour
  3734 | D:4      | Noticed Grinder
  3739 | D:4      | Paralysed by Grinder for 3 turns
  3743 | D:4      | Paralysed by Grinder for 5 turns
  3787 | D:4      | Paralysed by Grinder for 5 turns
  3794 | D:4      | Killed Grinder
  3795 | D:4      | Reached skill level 5 in Fighting
  3795 | D:4      | Reached skill level 5 in Shields
  3795 | D:4      | Reached XP level 6. HP: 16/56 MP: 5/5
  4358 | D:4      | Found a snail-covered altar of Cheibriados.
  4362 | D:4      | Found a basalt altar of Yredelemnul.
  4364 | D:4      | Found a shadowy altar of Dithmenos.
  4379 | D:4      | Reached skill level 5 in Axes
  4379 | D:4      | Reached XP level 7. HP: 28/62 MP: 6/6
  4894 | D:4      | HP: 3/62 [gnoll/+0 halberd[a gnoll bouda] (5)]
  4895 | D:4      | HP: 1/62 [gnoll/+0 spear[a gnoll bouda] (2)]
  4895 | D:4      | Slain by a gnoll

Illustrated notes

Levels and vault maps discovered:
D:1:      ebering_hopf_link, layout_basic,
          hellmonk_ecumenical_altar_heavens_door, hex_intersection,
          minmay_liquid_box, chequers_serial_rivers_large_a
D:2:      layout_rooms
D:3:      layout_loops_corners, uniq_jessica, uniq_crazy_yiuf_cottage
D:4:      layout_layer_cave, grunt_temple_overflow_open, uniq_grinder

Skill      XL: |  1  2  3  4  5  6 |
---------------+-------------------+-----
Fighting       | 4 5 |  5.8
Armour         | 4 5 |  5.8
Shields        | 4 5 |  5.8
Axes           | 3 4 5 |  5.1

Action                   |  1- 3 |  4- 6 |  7- 9 || total
-------------------------+-------+-------+-------++-------
Melee: War axe           |    60 |   104 |     7 ||   171
       Headbutt          |     9 |    20 |     2 ||    31
  Use: Scroll            |     4 |     4 |       ||     8
       Potion            |       |     3 |     2 ||     5
Armor: Scale mail        |    63 |    40 |     8 ||   111
Dodge: Dodged            |    45 |    41 |    19 ||   105
Block: Buckler           |    19 |    18 |    10 ||    47
